 Dungeon Crawl Stone Soup version 0.27.1-37-g7b29ead8ac (webtiles) character file.

Game seed: 3104351727337768521

9902 tkbsonic5 the Thaumaturge (level 11, -7/87 HPs)
             Began as a Gnoll Venom Mage on July 10, 2023.
             Was an Elder of Ashenzari.
             Engulfed by a cloud of freezing vapour (28 damage)
             ... on level 10 of the Dungeon.
             The game lasted 00:42:21 (16445 turns).

tkbsonic5 the Thaumaturge (Gnoll Venom Mage)       Turns: 16445, Time: 00:42:21

Health: -7/87      AC:  8    Str:  9    XL:     11   Next: 53%
Magic:  4/25       EV: 17    Int: 16    God:    Ashenzari [****..]
Gold:   309        SH:  0    Dex: 13    Spells: 12/31 levels left

rFire    . . .     SeeInvis +   x - +6 battleaxe "Seer of Ashenzari" {freeze, Cun, Fort} (curse)
rCold    . . .     Faith    .   (shield currently unavailable)
rNeg     . . .     Spirit   .   M - +0 troll leather armour
rPois    .         Reflect  .   y - +0 helmet "Cursed With Me" {Cun, Self} (curse)
rElec    .         Harm     .   e - +0 cloak of the Chained Foul Odors {Alch, Fort} (curse)
rCorr    .         Rampage  .   (no gloves)
Will     +....     Clarity  +   (no boots)
Stlth    +++++.....             (no amulet)
HPRegen  1.24/turn              v - ring of the Unyielding Gaze {Will+, Elem, Fort} (curse)
MPRegen  0.19/turn              Q - ring of Ashenzari's Secrets {Slay+4, Melee, Cun} (curse)

@: about to teleport
A: fangs 1, strong nose, distributed training
a: Renounce Religion, Shatter the Chains


You were on level 10 of the Dungeon.
You worshipped Ashenzari.
Ashenzari was greatly pleased with you.
You visited 1 branch of the dungeon, and saw 10 of its levels.

You collected 538 gold pieces.
You spent 229 gold pieces at shops.

Inventory:

Hand Weapons
 k - a +3 dagger of flaming
 q - a +2 battleaxe of chaos
 u - a +2 scimitar of flaming
 x - the cursed +6 battleaxe "Seer of Ashenzari" (weapon) {freeze, Cun, Fort}
   (You took it off a wight on level 4 of the Dungeon)

   It freezes those it strikes, dealing additional cold damage.
   It can also slow down cold-blooded creatures.
   It has a curse which improves the following skills: Cunning: Dodging and
   Stealth.
   Fortitude: Armour and Shields.
 z - a +2 halberd of venom
 B - the +4 long sword of Calamity {vorpal, rC+ SInv}
   (You bought it in a shop on level 7 of the Dungeon)

   It inflicts extra damage upon your enemies.
   rC:        It protects you from cold.
   SInv:      It lets you see invisible.
 D - a +0 scythe
 E - a +0 scythe
 F - a +0 scythe
 G - a +0 scythe
 H - a +0 scythe
 K - a +2 short sword of speed
 L - a +7 spear of freezing
 T - a +0 long sword of flaming
Missiles
 b - 48 bolts
 c - 25 boomerangs
 j - 24 poisoned darts
 o - 292 arrows
 I - 2 curare-tipped darts
Armour
 d - a +2 leather armour of poison resistance
 e - the cursed +0 cloak of the Chained Foul Odors (worn) {Alch, Fort}
   (You found it on level 4 of the Dungeon)

   It has a curse which improves the following skills: Alchemy: Poison Magic and
   Transmutations.
   Fortitude: Armour and Shields.
 h - a +0 chain mail
 i - a +0 scale mail
 r - a +0 scale mail
 s - a +0 ring mail
 y - the cursed +0 helmet "Cursed With Me" (worn) {Cun, Self}
   (You found it on level 8 of the Dungeon)

   It has a curse which improves the following skills: Cunning: Dodging and
   Stealth.
   Introspection: Fighting and Spellcasting.
 J - a +0 buckler
 M - a +0 troll leather armour (worn)
 P - a +0 chain mail
 R - a +1 plate armour of willpower
 S - the +4 leather armour of Grace {rPois Will+ Int+4}
   (You took it off a gnoll on level 6 of the Dungeon)

   Int:       It affects your intelligence (+4).
   rPois:     It protects you from poison.
   Will:      It increases your willpower.
 U - +0 acid dragon scales
Magical Staves
 a - a staff of conjuration
Jewellery
 v - the cursed ring of the Unyielding Gaze (left hand) {Will+, Elem, Fort}
   (You found it on level 4 of the Dungeon)

   [ring of willpower]

   Will:      It increases your willpower.
   It has a curse which improves the following skills: Elements: Fire Magic, Ice
   Magic, Air Magic and Earth Magic.
   Fortitude: Armour and Shields.
 Q - the cursed ring of Ashenzari's Secrets (right hand) {Slay+4, Melee, Cun}
   (You acquired it on level 9 of the Dungeon)

   [ring of slaying]

   Slay:      It affects your accuracy & damage with ranged weapons and melee
   (+4).
   It has a curse which improves the following skills: Melee Combat: Short
   Blades, Long Blades, Axes, Maces & Flails, Polearms, Staves and Unarmed
   Combat.
   Cunning:   Dodging and Stealth.
 Y - a ring of wizardry
Wands
 n - a wand of iceblast (21)
 O - a wand of charming (8)
 V - a wand of acid (8)
 X - a wand of flame (23)
 Z - a wand of mindburst (11)
Scrolls
 f - 4 scrolls of teleportation
 g - a scroll of holy word
 l - 3 scrolls of amnesia
 N - a scroll of magic mapping
Potions
 C - a potion of brilliance
Miscellaneous
 W - a box of beasts


   Skills:
 + Level 6.4(8.7) Fighting
 + Level 6.4(8.7) Short Blades
 + Level 6.4(8.7) Long Blades
 + Level 6.4(8.7) Axes
 + Level 6.4(8.7) Maces & Flails
 + Level 6.4(8.7) Polearms
 + Level 6.4(8.7) Staves
 + Level 6.4 Slings
 + Level 6.4 Bows
 + Level 6.4 Crossbows
 + Level 6.4 Throwing
 + Level 6.4(10.9) Armour
 + Level 7.9(12.4) Dodging
 + Level 7.7(12.2) Stealth
 + Level 6.4(10.9) Shields
 + Level 6.4(8.7) Unarmed Combat
 + Level 8.2(10.5) Spellcasting
 + Level 5.3 Conjurations
 + Level 5.3 Hexes
 + Level 5.3 Summonings
 + Level 5.3 Necromancy
 + Level 5.3 Translocations
 + Level 5.7(8.0) Transmutations
 + Level 5.3(7.5) Fire Magic
 + Level 5.3(7.5) Ice Magic
 + Level 5.3(7.5) Air Magic
 + Level 5.3(7.5) Earth Magic
 + Level 7.7(10.0) Poison Magic
 + Level 7.0 Invocations
 + Level 6.4 Evocations


You had 12 spell levels left.
You knew the following spells:

 Your Spells              Type           Power      Damage    Failure   Level
a - Sting                 Tmut/Pois      100%       1d8       1%          1
b - Poisonous Vapours     Pois/Air       72%        N/A       1%          2
c - Olgreb's Toxic Radia  Pois           40%        N/A       1%          4
d - Mephitic Cloud        Conj/Pois/Air  32%        N/A       1%          3
e - Freezing Cloud        Conj/Ice/Air   15%        6-21      19%         5
f - Sticky Flame          Conj/Fire      29%        2d5       8%          4

Your spell library contained the following spells:

 Spells                   Type           Power      Damage    Failure   Level
 Animate Skeleton         Necr           50%        N/A       1%          1
 Apportation              Tloc           50%        N/A       1%          1
 Corona                   Hex            27%        N/A       1%          1
 Summon Small Mammal      Summ           100%       N/A       1%          1
 Ignite Poison            Fire/Tmut/Pois 35%        N/A       1%          3
 Conjure Flame            Conj/Fire      29%        6-21      2%          3
 Simulacrum               Ice/Necr       14%        N/A       77%         6
 Polar Vortex             Ice            16%        N/A       100%        9


Dungeon Overview and Level Annotations

Branches:
Dungeon (10/15)            Temple (0/1) D:4             Orc (0/2) D:9
   Lair: D:8-11

Altars:
Ashenzari
Dithmenos
Fedhas
Kikubaaqudgha
Makhleb
Okawaru
Wu Jian
Xom
Zin
The Shining One

Shops:
D:6 *(   D:7 (


Innate Abilities, Weirdness & Mutations

You have very sharp teeth.
Your uncanny sense of smell can sniff out nearby items.
Your experience applies equally to all skills.


Message History

You feel sick.
You are no longer poisoned.
You sense a monster nearby.
A kobold brigand is nearby!
You hear a shout!
The kobold brigand is engulfed in freezing vapours.
You hear a splash.
You feel a bit more experienced.
You hear a shout!
The kobold brigand is engulfed in freezing vapours.
You kill the kobold brigand!
A kobold comes into view. It is wielding a +0 whip.
A kobold is nearby!
The kobold shouts!
A kobold is nearby!
A kobold is nearby!
That beam is likely to hit you.
Continue anyway?
Okay, then.
Casting: Freezing Cloud (dangerous; 19% risk of failure)
Confirm with . or Enter, or press ? or * to list all spells.
You begin to radiate toxic energy.
The kobold is poisoned.
You kill the kobold!
You hear a splash.
Unknown command.
Unknown command.
Your toxic aura wanes.
A kobold comes into view. It is wielding a +0 short sword.
A kobold is nearby!
That beam is likely to hit you.
Continue anyway?
You are engulfed in freezing vapours.
You are engulfed in freezing vapours.
Okay, then.
Okay, then.
As you read the scroll of teleportation, it crumbles to dust.
You feel strangely unstable.
You are engulfed in freezing vapours.
* * * LOW HITPOINT WARNING * * *
You feel better.
You are engulfed in freezing vapours.
* * * LOW HITPOINT WARNING * * *
You feel better.
You are engulfed in freezing vapours.
You die...

, , #.# * #.#........#.##
* , ,* **
*#.#.###.##.#.#. , ,, ,
,,,*, #.#.###.##.#.#. ,
**,,,, * ,
#.#.###....#.#. ****, ,,
*, ,∆ #.#.###....#.#. , ,
,, ##+##.#.###....#... *
** ,∆,
*##§##.#.###.##.#### , ,
,, ##§##'#.###.#...... ,
, ,, , ##@#....#
#.#.....# *** * #
###§#....# #.#.....# *+ *
,* #.###§#....###.#..####
, , ,
,###.≈K§§#....#...#..# #
≈ ,
K)≈≈≈{)≈§§≈≈..#.###..# #
,,≈
)≈≈≈≈≈°≈≈≈≈≈≈≈≈......####
≈ ≈
≈###≈≈≈○≈≈≈≈≈≈≈≈≈##.#####
≈ ≈ ≈,*
#.#≈○≈≈≈≈≈≈≈≈≈≈≈≈≈≈#≈≈ ≈
*, #....≈≈≈≈≈.≈≈)≈≈≈≈≈≈≈≈


There were no monsters in sight!

Vanquished Creatures
  A rakshasa (D:8)
  A two-headed ogre (D:9)
  A wizard (D:10)
  A cyclops (D:8)
  2 komodo dragons
  Maggie (D:6)
  A hornet (D:10)
  A troll (D:8)
  2 shadows
  2 wyverns
  9 yaks
  A vampire mosquito (D:8)
  Grum (D:6)
  A water moccasin (D:8)
  A sky beast (D:7)
  An ogre (D:7)
  4 centaurs
  5 kobold brigands
  2 wyvern zombies
  6 bullfrogs
  4 gnoll sergeants
  2 scorpions (D:6)
  A water moccasin zombie (D:5)
  A water moccasin skeleton (D:4)
  6 killer bees (D:10)
  5 wights
  2 electric eels (D:10)
  A bullfrog zombie (D:6)
  3 centaur zombies
  3 orc priests
  4 jellies
  18 hounds
  A centaur skeleton (D:7)
  A bullfrog skeleton (D:6)
  6 gnoll shamans
  Terence (D:2)
  An iguana (D:5)
  3 orc wizards
  3 killer bee zombies
  A hound skeleton (D:4)
  A howler monkey zombie (D:7)
  25 gnolls
  A howler monkey skeleton (D:6)
  5 adders
  A white imp (D:7)
  3 adder skeletons (D:4)
  4 worms
  4 dart slugs
  17 orcs
  13 ball pythons
  6 endoplasms
  4 giant cockroaches
  7 goblins
  9 hobgoblins
  7 jackals
  5 quokkas
  2 bats
  A frilled lizard (D:2)
  24 kobolds
  4 rats
254 creatures vanquished.

Vanquished Creatures (collateral kills)
  An adder (D:4)
1 creature vanquished.

Vanquished Creatures (others)
  A human (D:8)
  58 plants
59 creatures vanquished.

Grand Total: 314 creatures vanquished

Notes
Turn   | Place    | Note
-------+----------+-------------------------------------------
     0 | D:1      | tkbsonic5 the Gnoll Venom Mage began the quest for the Orb.
     0 | D:1      | Reached XP level 1. HP: 13/13 MP: 6/6
   203 | D:1      | Reached XP level 2. HP: 19/19 MP: 3/7
   245 | D:1      | Learned a level 2 spell: Poisonous Vapours
   767 | D:1      | Found a faded altar of an unknown god.
  1017 | D:1      | Became a worshipper of Ashenzari the Shackled
  1478 | D:2      | Reached skill level 5 in Spellcasting
  1478 | D:2      | Reached XP level 3. HP: 25/25 MP: 4/9
  1545 | D:2      | Noticed Terence
  1554 | D:2      | Killed Terence
  1555 | D:2      | Reached skill level 1 in Fighting
  1555 | D:2      | Reached skill level 1 in Short Blades
  1555 | D:2      | Reached skill level 1 in Long Blades
  1555 | D:2      | Reached skill level 1 in Axes
  1555 | D:2      | Reached skill level 1 in Maces & Flails
  1555 | D:2      | Reached skill level 1 in Polearms
  1555 | D:2      | Reached skill level 1 in Staves
  1555 | D:2      | Reached skill level 1 in Slings
  1555 | D:2      | Reached skill level 1 in Bows
  1555 | D:2      | Reached skill level 1 in Crossbows
  1555 | D:2      | Reached skill level 1 in Throwing
  1555 | D:2      | Reached skill level 1 in Armour
  1555 | D:2      | Reached skill level 1 in Shields
  1555 | D:2      | Reached skill level 1 in Unarmed Combat
  1555 | D:2      | Reached skill level 1 in Invocations
  1555 | D:2      | Reached skill level 1 in Evocations
  1555 | D:2      | Reached XP level 4. HP: 32/32 MP: 1/11
  1561 | D:2      | Learned a level 4 spell: Olgreb's Toxic Radiance
  2218 | D:2      | Reached * piety under Ashenzari
  2556 | D:3      | Reached skill level 1 in Conjurations
  2556 | D:3      | Reached skill level 1 in Hexes
  2556 | D:3      | Reached skill level 1 in Summonings
  2556 | D:3      | Reached skill level 1 in Necromancy
  2556 | D:3      | Reached skill level 1 in Translocations
  2556 | D:3      | Reached skill level 1 in Fire Magic
  2556 | D:3      | Reached skill level 1 in Ice Magic
  2556 | D:3      | Reached skill level 1 in Air Magic
  2556 | D:3      | Reached skill level 1 in Earth Magic
  3096 | D:3      | Noticed a bullfrog
  3101 | D:3      | Killed a bullfrog
  3102 | D:3      | Reached XP level 5. HP: 33/37 MP: 0/12
  3433 | D:4      | Found a staircase to the Ecumenical Temple.
  3456 | D:4      | Reached XP level 6. HP: 27/44 MP: 0/13
  3929 | D:4      | Found a glowing silver altar of Zin.
  4597 | D:4      | Found an iron altar of Okawaru.
  4642 | D:4      | Reached skill level 5 in Dodging
  5124 | D:4      | Found a glowing golden altar of the Shining One.
  5500 | D:4      | Learned a level 3 spell: Mephitic Cloud
  6068 | D:3      | Reached XP level 7. HP: 16/49 MP: 15/15
  6850 | D:5      | Entered Level 5 of the Dungeon
  7404 | D:5      | Reached skill level 5 in Stealth
  8175 | D:5      | Found a burning altar of Makhleb.
  8229 | D:5      | Found a blossoming altar of Fedhas.
  8498 | D:6      | Reached XP level 8. HP: 34/57 MP: 16/16
  8642 | D:6      | Found Qeiffue's Antique Weapon Emporium.
  8743 | D:6      | Reached skill level 6 in Spellcasting
  8850 | D:6      | Noticed Maggie
  8857 | D:6      | HP: 2/58 [poisoned by miscasting Olgreb's Toxic Radiance]
  9492 | D:6      | Identified the +4 leather armour of Grace {rPois Will+
                  | Int+4}
  9512 | D:6      | Killed Maggie
  9513 | D:6      | Reached XP level 9. HP: 25/65 MP: 1/18
  9970 | D:6      | Found Xoapydi's General Store.
 10061 | D:6      | Reached ** piety under Ashenzari
 10393 | D:6      | Noticed Grum
 10401 | D:6      | Killed Grum
 10899 | D:7      | Found Hehigarch's Antique Weapon Emporium.
 10932 | D:7      | Bought a fading long sword for 229 gold pieces
 10932 | D:7      | Identified the +4 long sword of Calamity {vorpal, rC+ SInv}
                  | (You bought it in a shop on level 7 of the Dungeon)
 11338 | D:7      | Reached skill level 5 in Invocations
 11338 | D:7      | Reached *** piety under Ashenzari
 11798 | D:8      | Reached skill level 7 in Spellcasting
 11798 | D:8      | Reached XP level 10. HP: 73/73 MP: 1/20
 11915 | D:8      | Reached skill level 5 in Fighting
 11915 | D:8      | Reached skill level 5 in Short Blades
 11915 | D:8      | Reached skill level 5 in Long Blades
 11915 | D:8      | Reached skill level 5 in Axes
 11915 | D:8      | Reached skill level 5 in Maces & Flails
 11915 | D:8      | Reached skill level 5 in Polearms
 11915 | D:8      | Reached skill level 5 in Staves
 11915 | D:8      | Reached skill level 5 in Slings
 11915 | D:8      | Reached skill level 5 in Bows
 11915 | D:8      | Reached skill level 5 in Crossbows
 11915 | D:8      | Reached skill level 5 in Throwing
 11915 | D:8      | Reached skill level 5 in Armour
 11915 | D:8      | Reached skill level 5 in Shields
 11915 | D:8      | Reached skill level 5 in Unarmed Combat
 11915 | D:8      | Reached skill level 5 in Evocations
 12100 | D:8      | Found a shimmering altar of Xom.
 12223 | D:8      | Found an ancient bone altar of Kikubaaqudgha.
 12829 | D:8      | Noticed a cyclops
 12845 | D:8      | Killed a cyclops
 13058 | D:8      | Reached skill level 5 in Transmutations
 13320 | D:8      | Noticed a rakshasa
 13333 | D:8      | Killed a rakshasa
 13833 | D:9      | Reached XP level 11. HP: 85/85 MP: 11/24
 13920 | D:9      | Identified a scroll of acquirement
 13963 | D:9      | Acquired a +4 ring of slaying
 14290 | D:9      | Found a staircase to the Orcish Mines.
 14439 | D:9      | Found an ornate altar of the Wu Jian Council.
 14441 | D:9      | Found a shadowy altar of Dithmenos.
 14831 | D:9      | Noticed a two-headed ogre
 14840 | D:9      | Killed a two-headed ogre
 14841 | D:9      | Reached skill level 8 in Spellcasting
 14841 | D:9      | Reached skill level 5 in Conjurations
 14841 | D:9      | Reached skill level 5 in Hexes
 14841 | D:9      | Reached skill level 5 in Summonings
 14841 | D:9      | Reached skill level 5 in Necromancy
 14841 | D:9      | Reached skill level 5 in Translocations
 14841 | D:9      | Reached skill level 5 in Fire Magic
 14841 | D:9      | Reached skill level 5 in Ice Magic
 14841 | D:9      | Reached skill level 5 in Air Magic
 14841 | D:9      | Reached skill level 5 in Earth Magic
 15227 | D:10     | Entered Level 10 of the Dungeon
 15488 | D:10     | Reached **** piety under Ashenzari
 15880 | D:10     | Learned a level 5 spell: Freezing Cloud
 16179 | D:10     | Noticed a wizard
 16185 | D:10     | Killed a wizard
 16329 | D:10     | Learned a level 4 spell: Sticky Flame
 16445 | D:10     | Engulfed by a cloud of freezing vapour

Illustrated notes

Levels and vault maps discovered:
D:1:      psy_arrival_dodecagon, layout_basic,
          ebering_ecumenical_altar_petrified
D:2:      layout_loops_corners, st_stairs_13, uniq_terence
D:3:      layout_loops_cross
D:4:      layout_loops_cross, mainiacjoe_overflow_six_doors_small,
          mainiacjoe_overflow_catch_the_wave, temple_fountains,
          kennysheep_windowed_goal
D:5:      layout_basic, makhleb_blood_cavern_becter, fedhas_altar_fruit_tree
D:6:      layout_cave_pools, serial_gnoll_camp, gnoll_camp_huts_basic,
          gnoll_camp_mini_basic, grums_kennel, gnoll_camp_mini_hut,
          gnoll_camp_medium_02, gnoll_camp_mini_shop, serial_shops,
          nicolae_inconvenience_store, uniq_maggie
D:7:      layout_basic, serial_shops, nicolae_diamond_shop, grunt_ministairs_6,
          sigmund_army
D:8:      layout_loops_ring, lemuel_tele_altar, tgw_kikubaaqudgha,
          nicolae_sextant, minmay_shattered_shrine
D:9:      layout_basic, nicolae_overflow_hidden_temple, orc_0_dummy,
          minivault_23
D:10:     layout_basic, hangedman_decor_clover_reticule

Skill      XL: |  1  2  3  4  5  6  7  8  9 10 11 |
---------------+----------------------------------+-----
Transmutations | 2 3 4 5 |  5.7
Spellcasting   | 5 6 7 8 |  8.2
Fighting       | 1 2 3 4 5 6 |  6.4
Short Blades   | 1 2 3 4 5 6 |  6.4
Long Blades    | 1 2 3 4 5 6 |  6.4
Axes           | 1 2 3 4 5 6 |  6.4
Maces & Flails | 1 2 3 4 5 6 |  6.4
Polearms       | 1 2 3 4 5 6 |  6.4
Staves         | 1 2 3 4 5 6 |  6.4
Slings         | 1 2 3 4 5 6 |  6.4
Bows           | 1 2 3 4 5 6 |  6.4
Crossbows      | 1 2 3 4 5 6 |  6.4
Throwing       | 1 2 3 4 5 6 |  6.4
Armour         | 1 2 3 4 5 6 |  6.4
Shields        | 1 2 3 4 5 6 |  6.4
Unarmed Combat | 1 2 3 4 5 6 |  6.4
Invocations    | 1 2 3 4 5 6 7 |  7.0
Evocations     | 1 2 3 4 5 6 |  6.4
Conjurations   | 1 2 3 4 5 |  5.3
Hexes          | 1 2 3 4 5 |  5.3
Summonings     | 1 2 3 4 5 |  5.3
Necromancy     | 1 2 3 4 5 |  5.3
Translocations | 1 2 3 4 5 |  5.3
Fire Magic     | 1 2 3 4 5 |  5.3
Ice Magic      | 1 2 3 4 5 |  5.3
Air Magic      | 1 2 3 4 5 |  5.3
Earth Magic    | 1 2 3 4 5 |  5.3
Dodging        | 5 6 7 |  7.9
Stealth        | 5 6 7 |  7.7
Poison Magic   | 6 7 |  7.7

Action                   |  1- 3 |  4- 6 |  7- 9 | 10-12 || total
-------------------------+-------+-------+-------+-------++-------
Melee: Whip              |    18 |     2 |       |       ||    20
       Mace              |       |    64 |       |       ||    64
       Falchion          |       |    12 |       |       ||    12
       Bite              |       |     7 |     9 |     7 ||    23
       Battleaxe         |       |     2 |   128 |   101 ||   231
       Scimitar          |       |       |     6 |       ||     6
Throw: Boomerang         |       |    20 |    15 |    16 ||    51
       Dart              |       |       |       |     1 ||     1
       Throwing net      |       |       |       |     1 ||     1
 Cast: Sting             |    38 |    48 |     1 |       ||    87
       Poisonous Vapours |     9 |     9 |     8 |     9 ||    35
       Olgreb's Toxic Ra |       |    12 |    33 |    50 ||    95
       Mephitic Cloud    |       |       |    22 |    20 ||    42
       Freezing Cloud    |       |       |       |    13 ||    13
Invok: Curse Item        |     1 |     1 |     4 |     2 ||     8
       Shatter the Chain |       |     2 |       |     1 ||     3
Evoke: Wand              |       |       |    38 |     9 ||    47
  Use: Potion            |       |     4 |     2 |     3 ||     9
       Scroll            |       |     2 |    10 |     3 ||    15
 Stab: Sleeping          |       |     2 |     3 |     1 ||     6
       Confused          |       |       |     3 |     7 ||    10
       Distracted        |       |       |       |     1 ||     1
Armor: Robe              |     9 |     8 |       |       ||    17
       Scale mail        |       |     6 |       |       ||     6
       Chain mail        |       |       |    32 |       ||    32
       Leather armour    |       |       |    30 |    25 ||    55
       Troll leather arm |       |       |       |    14 ||    14
Dodge: Dodged            |    26 |    66 |    97 |   114 ||   303
       Rpst.: Falchion   |       |     4 |       |       ||     4
       Scimitar          |       |       |     1 |       ||     1
